 Dungeon Crawl Stone Soup version 0.29-a0-838-g385bb11a5b (webtiles) character file.

Game seed: 11623315380655445281

620 killozap the Conjurer (level 7, -1/46 HPs)
             Began as an Octopode Conjurer on July 13, 2022.
             Slain by a water moccasin (4 damage)
             ... on level 4 of the Dungeon.
             The game lasted 00:12:43 (4876 turns).

killozap the Conjurer (Octopode Conjurer)           Turns: 4876, Time: 00:12:43

Health: -1/46      AC:  1    Str:  7    XL:     7   Next: 46%
Magic:  6/12       EV: 13    Int: 22    God:
Gold:   230        SH:  0    Dex: 10    Spells: 7/13 levels left

rFire   . . .      SeeInvis .   p - +1 dagger (venom)
rCold   . . .      Faith    .   (no shield)
rNeg    . . .      Spirit   .   (helmet restricted)
rPois   .          Reflect  .   (no amulet)
rElec   .          Harm     .   (no ring)
rCorr   .          Rampage  .   (no ring)
Will    .....                   (no ring)
Stlth   +++.......              (no ring)
HPRegen 0.15/turn               (no ring)
MPRegen 0.13/turn               (no ring)
                                (no ring)
                                (no ring)

@: lethally poisoned (-1 -> -8)
A: almost no armour, amphibious, 8 rings, camouflage 1, gelatinous body 1,
(nimble swimmer 1), tentacles
a: no special abilities


You were on level 4 of the Dungeon.
You visited 1 branch of the dungeon, and saw 5 of its levels.

You collected 230 gold pieces.

Inventory:

Hand Weapons
 d - a +0 dagger
 k - a +2 vampiric hand axe
 p - a +1 dagger of venom (weapon)
Jewellery
 m - a ring of ice
Scrolls
 b - 2 scrolls of poison {unknown}
 c - a scroll of torment {unknown}
 e - a scroll of brand weapon {unknown}
 g - a scroll of vulnerability {unknown}
 h - a scroll of fog {unknown}
 j - 2 scrolls of identify {unknown}
 l - a scroll of enchant weapon {unknown}
 n - a scroll of amnesia {unknown}
Potions
 a - a potion of magic
 f - 5 potions of curing {unknown}
 i - a potion of mutation {unknown}
 o - 2 potions of lignification {unknown}


   Skills:
 + Level 3.2 Fighting
 + Level 4.0 Dodging
 - Level 2.6 Stealth
 + Level 3.6 Spellcasting
 * Level 6.3 Conjurations


You had 7 spell levels left.
You knew the following spells:

 Your Spells              Type           Power      Damage    Failure   Level
a - Magic Dart            Conj           100%       1d8       1%          1
b - Searing Ray           Conj           64%        2d6       1%          2
c - Dazzling Flash        Conj/Hex       34%        N/A       10%         3

Your spell library contained the following spells:

 Spells                   Type           Power      Damage    Failure   Level
 Necrotise                Necr           16%        1d4       12%         1
 Fulminant Prism          Conj/Hex       8%         3d7       30%         4
 Iskenderun's Mystic Bla  Conj/Tloc      17%        2d5       30%         4
 Vampiric Draining        Necr           4%         2d6       34%         3
 Agony                    Necr           4%         N/A       97%         5


Dungeon Overview and Level Annotations

Branches:
Dungeon (5/15)
 Temple: D:4-7

Altars:
Okawaru
Zin

Shops:
D:3 =


Innate Abilities, Weirdness & Mutations

You cannot wear most types of armour.
You are amphibious.
You can wear up to eight rings at the same time.
Your skin changes colour to match your surroundings (Stealth+).
Your rubbery body absorbs attacks. (AC +1, EV +1)
((You are camouflaged when in or above water. (Stealth+)))
You have tentacles for arms and can constrict up to eight enemies at once.


Message History

The water moccasin closely misses you. The water moccasin misses you.
You miss the water moccasin. Your grab misses the water moccasin.
You squeeze the water moccasin.
The water moccasin is moderately wounded.
The water moccasin bites you.
You are poisoned.
The water moccasin poisons you!
You barely miss the water moccasin. Your grab misses the water moccasin.
The water moccasin is moderately wounded.
You feel very sick. The water moccasin bites you.
You are more poisoned.
The water moccasin poisons you!
You hit the water moccasin. Your grab misses the water moccasin.
The water moccasin is moderately wounded.
You feel very sick. The water moccasin bites you!
The water moccasin closely misses you.
You barely miss the water moccasin. Your grab misses the water moccasin.
The water moccasin is moderately wounded.
You feel very sick. The water moccasin bites you!
* * * LOW HITPOINT WARNING * * *
Casting: Searing Ray (safe; 1% risk of failure)
Confirm with . or Enter, or press ? or * to list all spells.
Aiming: Searing Ray (safe; 1% risk of failure)
Press: ? - help, Shift-Dir - straight line, f - water moccasin
Aim: a water moccasin (moderately wounded, 68% to hit)
The searing ray hits the water moccasin!
The water moccasin is severely wounded. (Press . to maintain the ray.)
* * * LOW HITPOINT WARNING * * *
You feel sick. The water moccasin bites you.
* * * LOW HITPOINT WARNING * * *
The water moccasin bites you but does no damage.
The searing ray hits the water moccasin.
The water moccasin is severely wounded.
* * * LOW HITPOINT WARNING * * *
You feel very sick. The water moccasin bites you.
You die...

#.# #....##...###.#.## #.
#.# #...........#...######.
#.####.#..#...#............
#.##......##.#####.#.######
#.##.####.........###.##
#.##.# ##.##.#...## ##.#
#.##.###...#.#.##.###.##
#............#.###.#.##
##...###.S@###.# #...#
#.### ##)## #.# #.#.# #.#
##...# #.# #.#.# #.# #....#
#.# #.#.#### #.# #....#
#.###......# #.# #.####
#..........# #.# #.#
#######.##.# #.# #.# #.##.#
#.# #.# #.##.#


You could see a water moccasin.

Vanquished Creatures
  Menkaure (D:4)
  A black bear (D:4)
  An ogre (D:4)
  A phantom (D:4)
  A scorpion (D:4)
  2 hounds (D:4)
  6 adders
  3 worms
  2 orcs
  7 endoplasms
  6 giant cockroaches
  6 goblins
  8 hobgoblins
  3 quokkas
  4 ball pythons
  5 bats
  7 frilled lizards
  9 kobolds
  6 rats
79 creatures vanquished.

Vanquished Creatures (others)
  16 plants
16 creatures vanquished.

Grand Total: 95 creatures vanquished

Notes
Turn   | Place    | Note
-------+----------+-------------------------------------------
     0 | D:1      | killozap the Octopode Conjurer began the quest for the Orb.
     0 | D:1      | Reached XP level 1. HP: 11/11 MP: 3/3
   358 | D:1      | Reached XP level 2. HP: 18/18 MP: 1/5
   806 | D:1      | Reached XP level 3. HP: 22/22 MP: 3/6
  1113 | D:2      | Reached skill level 1 in Fighting
  2033 | D:3      | Reached XP level 4. HP: 26/28 MP: 4/7
  2139 | D:3      | Found Omolofum's Jewellery Emporium.
  2620 | D:3      | Reached XP level 5. HP: 34/34 MP: 8/8
  2720 | D:3      | Found a glowing silver altar of Zin.
  3157 | D:4      | Found an iron altar of Okawaru.
  3176 | D:4      | Noticed a phantom
  3258 | D:3      | Learned a level 2 spell: Searing Ray
  3262 | D:3      | Learned a level 3 spell: Dazzling Flash
  3303 | D:4      | Noticed an ogre
  3308 | D:4      | Killed an ogre
  3309 | D:4      | Reached skill level 5 in Conjurations
  3560 | D:4      | Reached XP level 6. HP: 22/39 MP: 2/10
  3869 | D:4      | Noticed Menkaure
  3873 | D:4      | Killed Menkaure
  4154 | D:4      | Reached skill level 6 in Conjurations
  4154 | D:4      | Reached XP level 7. HP: 37/45 MP: 2/12
  4864 | D:5      | Entered Level 5 of the Dungeon
  4876 | D:4      | Slain by a water moccasin

Illustrated notes

Levels and vault maps discovered:
D:1:      spicycebolla_arrival_xxxplode, layout_loops_cross
D:2:      layout_basic, grunt_ministairs_13
D:3:      layout_basic, zin_academy, serial_shops,
          nicolae_shop_competitors_out_of_business, serial_bayou,
          serial_bayou_pond_e, serial_bayou_crossing, serial_bayou_lake_a,
          serial_bayou_ford_a, chequers_mini_garden
D:4:      layout_loops_ring, mainiacjoe_overflow_cross_hatched,
          nicolae_hexahallways, uniq_menkaure
D:5:      layout_gridville, grunt_ministairs_8, minmay_misc_feat_roman,
          dreamdust_gnoll_farm

Skill      XL: |  1  2  3  4  5  6  7 |
---------------+----------------------+-----
Fighting       | 1 2 3 |  3.2
Dodging        | 3 4 |  4.0
Conjurations   | 5 6 |  6.3
Spellcasting   | 3 |  3.6
Stealth        | |  2.6

Action                   |  1- 3 |  4- 6 |  7- 9 || total
-------------------------+-------+-------+-------++-------
Melee: Unarmed           |     3 |       |       ||     3
       Constrict         |     9 |     7 |     1 ||    17
       Tentacles         |     6 |     5 |     3 ||    14
       Rapier            |     2 |       |       ||     2
       Dagger            |    20 |     6 |     7 ||    33
       Hand axe          |     3 |    18 |       ||    21
       Punch             |       |     2 |       ||     2
 Cast: Magic Dart        |    78 |    45 |    12 ||   135
       Searing Ray       |       |     3 |     4 ||     7
 Stab: Sleeping          |       |     1 |       ||     1
Armor: Skin              |     2 |     3 |     1 ||     6
Dodge: Dodged            |    16 |    34 |     9 ||    59

Table legend: (Time is in decaauts)
 A = Elapsed time spent in this place.
 B = Non-inter-level travel time spent in this place.
 C = Inter-level travel time spent in this place.
 D = Time resting spent in this place.
 E = Time spent auto-exploring this place.
 F = Levels seen in this place.
 G = Mean time per level.
                   A        B        C        D        E       F      G
               +--------+--------+--------+--------+--------+-----+--------+
         Total |   4880 |   4653 |    227 |    693 |   3447 |   5 |  976.0 |
       Dungeon |   4880 |   4653 |    227 |    693 |   3447 |   5 |  976.0 |
               +--------+--------+--------+--------+--------+-----+--------+

Top non-repeatable levels by time:
     D:4: 1743 daAuts
     D:3: 1239 daAuts
     D:1: 1080 daAuts
     D:2: 812 daAuts
     D:5: 4 daAuts
